 Dungeon Crawl Stone Soup version 0.27-a0-732-ga892ba84f6 (webtiles) character file.

Game seed: 14640605822565133166

84 Dittersdorf the Shield-Bearer (level 4, 0/29 HPs)
             Began as a Gargoyle Fighter on Mar 23, 2021.
             Slain by Sigmund
             ... wielding a +0 scythe
              (7 damage)
             ... on level 3 of the Dungeon.
             The game lasted 00:01:56 (2501 turns).

Dittersdorf the Shield-Bearer (Gargoyle Fighter)    Turns: 2501, Time: 00:01:56

Health: 0/29       AC: 10    Str: 20    XL:     4   Next: 45%
Magic:  4/4        EV:  7    Int:  9    God:
Gold:   45         SH:  9    Dex:  9    Spells: 3/3 levels left

rFire    . . .     SeeInvis .   a - +0 morningstar
rCold    . . .     Faith    .   c - +0 kite shield
rNeg     + . .     Spirit   .   b - +0 scale mail
rPois    ∞         Reflect  .   (no helmet)
rElec    +         Harm     .   (no cloak)
rCorr    .         Rampage  .   (no gloves)
Will     .....                  (no boots)
Stlth    ..........             (no amulet)
HPRegen  0.09/turn              (no ring)
MPRegen  0.09/turn              (no ring)

@: no status effects
A: AC +3, negative energy resistance 1, electricity resistance, torment
resistance 1, unbreathing 1, petrification resistance
a: no special abilities


You were on level 3 of the Dungeon.
You visited 1 branch of the dungeon, and saw 3 of its levels.

You collected 45 gold pieces.

Inventory:

Hand Weapons
 a - a +0 morningstar (weapon)
Armour
 b - a +0 scale mail (worn)
 c - a +0 kite shield (worn)
Jewellery
 l - a ring of wizardry
Scrolls
 e - a scroll of torment {unknown}
 g - a scroll of noise {unknown}
 h - 2 scrolls of identify {unknown}
 j - a scroll of teleportation {unknown}
 k - a scroll of summoning {unknown}
Potions
 d - a potion of might
 f - a potion of flight {unknown}
 i - a potion of attraction {unknown}


   Skills:
 + Level 4.0 Fighting
 + Level 2.8 Maces & Flails
 + Level 4.0 Armour
 + Level 4.0 Shields


You had 3 spell levels left.
You didn't know any spells.
Your spell library contained the following spells:

 Spells                   Type           Power      Damage    Failure   Level
 Confusing Touch          Hex            0%         N/A       100%        3
 Gell's Gravitas          Tloc           0%         N/A       100%        3
 Petrify                  Tmut/Erth      0%         N/A       100%        4
 Metabolic Englaciation   Hex/Ice        0%         N/A       100%        5
 Yara's Violent Unravell  Hex/Tmut       0%         3d3       100%        5


Dungeon Overview and Level Annotations

Branches:
Dungeon (3/15)

Altars:
Dithmenos
Yredelemnul

Annotations:
D:3 Sigmund


Innate Abilities, Weirdness & Mutations

Your stone body is resilient. (AC +3)
You are immune to poison.
You resist negative energy. (rN+)
You are resistant to electric shocks. (rElec)
You are resistant to unholy torment.
You can survive without breathing.
You are immune to petrification.


Message History

The hobgoblin hits you but does no damage.
Something hits you.
The hobgoblin hits you but does no damage.
You hit the hobgoblin.
The hobgoblin is moderately wounded.
Something hits you but does no damage. The hobgoblin closely misses you.
Something hits you but does no damage.
You barely miss the hobgoblin.
The hobgoblin is moderately wounded.
You block the hobgoblin's attack. Something hits you.
The hobgoblin hits you but does no damage.
You barely miss the hobgoblin.
The hobgoblin is moderately wounded.
Something hits you but does no damage.
The hobgoblin hits you but does no damage.
Something hits you. You block the hobgoblin's attack.
You are too injured to fight recklessly!
You are too injured to fight recklessly!
You are too injured to fight recklessly!
You are too injured to fight recklessly!
You are too injured to fight recklessly!
You are too injured to fight recklessly!
You are too injured to fight recklessly!
You are too injured to fight recklessly!
You are too injured to fight recklessly!
You are too injured to fight recklessly!
You are too injured to fight recklessly!
You are too injured to fight recklessly!
You are too injured to fight recklessly!
You are too injured to fight recklessly!
You are too injured to fight recklessly!
You are too injured to fight recklessly!
You block the hobgoblin's attack. Something hits you!
* * * LOW HITPOINT WARNING * * *
You thump the hobgoblin!
You kill the hobgoblin!
Something hits you but does no damage. Something completely misses you.
Your Fighting skill increases to level 4!
Something hits you!
You die...

## .. #. #. .
#.
....##.########
#......@.....#
....##.######.#
. #. #.# .. #.#
### #.# #.#
#.#### #
#.##.## #
#.....# ###


There were no monsters in sight!

Vanquished Creatures
  3 adders (D:2)
  A worm (D:2)
  A dart slug (D:2)
  2 orcs (D:3)
  6 ball pythons
  5 bats
  6 giant cockroaches
  2 goblins (D:2)
  8 hobgoblins
  4 oozes
  4 frilled lizards
  2 kobolds (D:2)
  2 rats
46 creatures vanquished.

Vanquished Creatures (others)
  5 plants (D:3)
5 creatures vanquished.

Grand Total: 51 creatures vanquished

Notes
Turn   | Place    | Note
-------+----------+-------------------------------------------
     0 | D:1      | Dittersdorf the Gargoyle Fighter began the quest for the
                  | Orb.
     0 | D:1      | Reached XP level 1. HP: 14/14 MP: 1/1
   284 | D:1      | Reached XP level 2. HP: 19/19 MP: 2/2
  1209 | D:1      | Reached XP level 3. HP: 24/24 MP: 3/3
  1350 | D:2      | Found a shadowy altar of Dithmenos.
  1621 | D:2      | Reached XP level 4. HP: 26/29 MP: 4/4
  2403 | D:3      | Found a basalt altar of Yredelemnul.
  2487 | D:3      | Noticed Sigmund
  2501 | D:3      | Slain by Sigmund

Illustrated notes

Levels and vault maps discovered:
D:1:      psy_arrival_fountain, layout_loops_corners, dk_noncrumbling_4
D:2:      layout_loops_ring, overflow_temple_1_default
D:3:      layout_loops_corners, old_standard_altar,
          nicolae_elyvilon_temple_path, uniq_sigmund

Skill      XL: |  1  2  3  4 |
---------------+-------------+-----
Shields        | 4 |  4.0
Armour         | 4 |  4.0
Fighting       | 4 |  4.0
Maces & Flails | |  2.8

Action                   |  1- 3 |  4- 6 || total
-------------------------+-------+-------++-------
Melee: Flail             |    74 |       ||    74
       Morningstar       |    49 |    43 ||    92
Armor: Scale mail        |    62 |    19 ||    81
Dodge: Dodged            |    39 |    11 ||    50
Block: Kite shield       |    80 |    25 ||   105

Table legend: (Time is in decaauts)
 A = Elapsed time spent in this place.
 B = Non-inter-level travel time spent in this place.
 C = Inter-level travel time spent in this place.
 D = Time resting spent in this place.
 E = Time spent auto-exploring this place.
 F = Levels seen in this place.
 G = Mean time per level.
                   A        B        C        D        E       F      G
               +--------+--------+--------+--------+--------+-----+--------+
         Total |   2593 |   2504 |     89 |    160 |   1939 |   3 |  864.3 |
       Dungeon |   2593 |   2504 |     89 |    160 |   1939 |   3 |  864.3 |
               +--------+--------+--------+--------+--------+-----+--------+

Top non-repeatable levels by time:
     D:1: 1386 daAuts
     D:2: 1016 daAuts
     D:3: 190 daAuts
